 Dungeon Crawl Stone Soup version 0.22.0-75-g3901e79 (webtiles) character file.

2007 Lovchig the Cleaver (level 9, -1/80 HPs)
             Began as a Deep Dwarf Fighter on Sept 11, 2018.
             Was a Priest of Makhleb.
             Slain by Harold
             ... wielding a +7 battleaxe of freezing
              (2 damage)
             ... on level 7 of the Dungeon.
             The game lasted 00:14:30 (5074 turns).

Lovchig the Cleaver (Deep Dwarf Fighter)            Turns: 5074, Time: 00:14:31

Health: -1/80      AC: 15    Str: 23    XL:     9   Next: 2%
Magic:  8/8        EV:  6    Int:  9    God:    Makhleb [***...]
Gold:   364        SH: 10    Dex: 12    Spells: 8/8 levels left

rFire    . . .     SeeInvis .   a - +1 war axe
rCold    . . .     Gourm    .   c - +0 shield
rNeg     . . .     Faith    .   r - +0 plate armour
rPois    .         Spirit   .   (no helmet)
rElec    .         Reflect  .   v - +0 cloak
rCorr    .         Harm     .   (no gloves)
MR       +....                  t - +0 pair of boots
Stlth    ..........             (no amulet)
HPRegen  0.00/turn              p - ring of wizardry
MPRegen  0.11/turn              (no ring)

@: marked, non-regenerating
A: damage resistance, heal wounds, sense surroundings 2, no regeneration
a: Heal Wounds, Minor Destruction, Lesser Servant of Makhleb, Renounce Religion


You were on level 7 of the Dungeon.
You worshipped Makhleb.
Makhleb was most pleased with you.
You were not hungry.

You visited 1 branch of the dungeon, and saw 7 of its levels.
You also visited: Ossuary.

You collected 364 gold pieces.

Inventory:

Hand Weapons
 a - a +1 war axe (weapon)
 w - a +3 flail of venom
Armour
 c - a +0 shield (worn)
 r - a +0 plate armour (worn)
 t - a +0 pair of boots (worn)
 v - a +0 cloak (worn)
Jewellery
 p - a ring of wizardry (left hand)
Wands
 s - a wand of iceblast (12)
Scrolls
 k - 2 scrolls of blinking
 m - 2 scrolls of enchant weapon
 x - 2 scrolls of teleportation
 y - a scroll of fog
Potions
 b - a potion of berserk rage
 d - a potion of might
 e - a potion of cancellation
 g - a potion of magic
 h - a potion of heal wounds
 j - 4 potions of lignification
 l - 7 potions of curing
 n - 4 potions of agility
 o - 2 potions of invisibility
 q - 2 potions of brilliance {unknown}
 u - 3 potions of haste {unknown}
Comestibles
 f - 13 rations
 i - 8 chunks of flesh


   Skills:
 * Level 4.8 Fighting
 * Level 8.8 Axes
 * Level 6.2 Armour
 * Level 4.0 Dodging
 * Level 5.8 Shields


You had 8 spell levels left.
You didn't know any spells.
Your spell library contained the following spells:

 Spells                   Type           Power        Failure   Level  Hunger
 Infusion                 Chrm           #...         100%        1    ##.....
 Shroud of Golubria       Chrm/Tloc      #.........   100%        2    ###....
 Song of Slaying          Chrm           #.......     100%        2    ###....
 Spectral Weapon          Hex/Chrm       #.......     100%        3    ####...
 Regeneration             Chrm/Necr      Unusable     N/A         3    N/A

Dungeon Overview and Level Annotations

Branches:
Dungeon (7/15)             Temple (0/1) D:5

Altars:
Ashenzari
Kikubaaqudgha
Makhleb
Nemelex Xobeh
Okawaru
Uskayaw
Vehumet
Xom

Shops:
D:5 (

Annotations:
D:7 2 transporters, Harold


Innate Abilities, Weirdness & Mutations

You are resistant to damage.
You can heal yourself by infusing magical energy.
You passively map the area around you.
You do not regenerate.


Message History

Harold freezes you.
A wight comes into view. It is wielding a spear.
You slash Harold!
Harold is lightly wounded.
You block Harold's attack.
A wight comes into view. It is wielding a mace of freezing.
You barely miss Harold.
Harold is lightly wounded.
You hit the phantom. Harold barely misses you. You block the phantom's attack.
You hit Harold.
Harold is lightly wounded.
You closely miss the phantom. The phantom hits you.
Harold hits you with a battleaxe of freezing!!
* * * LOW HITPOINT WARNING * * *
Harold freezes you!
* * * LOW HITPOINT WARNING * * *
You fail to use your ability.
The phantom hits you but does no damage.
Harold hits you with a battleaxe of freezing.
You die...

*#.# #####.#..#### ##.. ** #.#
#...#.#.##... * ...#
#z##.#.#.#.#.#8..# * ,...*
#z##.#.#.#.#.#..#. ..##
#z##.#...#...#c... * ..#
#z##.#..##..©#c.©. #.##
#z##.#.......#l5.. * ## #..#
#@##.#...#.#.#YY#. ,, ,...
##(###@##.#...#.#.#8..#
,...#####))##W##.##.##.#.##...
, ,
...............##....#..####
,,,
..#.......#................. ,
#.......#.............#### , ,
#.....................#### , ,
#......#.................. ,
#......#..............####
,#........>.......######


You could see Harold, a phantom and 5 wights.

Vanquished Creatures
  Eustachio (D:4)
  2 phantoms
  2 orc warriors (D:6)
  2 sky beasts (D:6)
  An ice beast (D:4)
  An ogre (D:5)
  A necrophage (D:6)
  2 centaurs
  A bullfrog (D:6)
  A wyvern zombie (D:6)
  A scorpion (D:5)
  2 crimson imps
  2 orc wizards
  4 hounds
  A centaur zombie (Ossuary)
  A human zombie (Ossuary)
  3 orc priests (D:6)
  Jessica (D:2)
  An iguana (D:6)
  3 worker ants (D:6)
  A hound skeleton (D:6)
  2 mummies (Ossuary)
  7 adders
  A shadow imp (D:5)
  2 adder zombies
  4 worms
  2 dart slugs
  2 leopard geckos
  12 orcs
  5 giant cockroaches
  7 goblins
  6 hobgoblins
  11 jackals
  3 quokkas
  3 ball pythons
  7 bats
  6 frilled lizards
  A goblin zombie (Ossuary)
  8 hobgoblin zombies (Ossuary)
  2 jackal zombies (Ossuary)
  5 kobolds
  11 kobold zombies (Ossuary)
  A leopard gecko skeleton (D:5)
  9 orc zombies (Ossuary)
  6 rats
  3 rat zombies (Ossuary)
160 creatures vanquished.

Notes
Turn   | Place    | Note
-------+----------+-------------------------------------------
     0 | D:1      | Lovchig the Deep Dwarf Fighter began the quest for the Orb.
     0 | D:1      | Reached XP level 1. HP: 20/20 MP: 1/1
   288 | D:1      | Reached XP level 2. HP: 27/27 MP: 2/2
   860 | D:2      | Noticed Jessica
   871 | D:2      | Killed Jessica
   871 | D:2      | Reached XP level 3. HP: 30/34 MP: 3/3
   995 | D:2      | Reached skill level 1 in Dodging
  1118 | D:2      | Reached skill level 3 in Axes
  1118 | D:2      | Reached XP level 4. HP: 24/42 MP: 4/4
  1469 | D:3      | Found a hide-covered altar of Uskayaw.
  1472 | D:3      | Found a radiant altar of Vehumet.
  1473 | D:3      | Found a burning altar of Makhleb.
  1484 | D:3      | Became a worshipper of Makhleb the Destroyer
  1510 | D:3      | Found an ancient bone altar of Kikubaaqudgha.
  1808 | D:3      | Found a faded altar of an unknown god.
  2137 | D:4      | Noticed Eustachio
  2189 | D:4      | Killed Eustachio
  2189 | D:4      | Reached skill level 4 in Axes
  2189 | D:4      | Reached XP level 5. HP: 29/49 MP: 5/5
  2269 | D:4      | Reached XP level 6. HP: 32/56 MP: 6/6
  2386 | D:4      | Noticed an ice beast
  2391 | D:4      | Killed an ice beast
  2391 | D:4      | Reached skill level 5 in Axes
  2635 | D:4      | Reached XP level 7. HP: 38/63 MP: 6/6
  2639 | D:4      | Found a sand-covered staircase.
  2668 | Ossuary  | Entered an ossuary
  2699 | Ossuary  | Reached * piety under Makhleb
  2720 | Ossuary  | Reached skill level 5 in Armour
  2842 | Ossuary  | Reached ** piety under Makhleb
  3178 | D:5      | Entered Level 5 of the Dungeon
  3216 | D:5      | Found a staircase to the Ecumenical Temple.
  3227 | D:5      | Reached skill level 6 in Axes
  3353 | D:5      | Found a sparkling altar of Nemelex Xobeh.
  3478 | D:5      | Found Xiqughar's Antique Weapon Shoppe.
  3714 | D:5      | Found a shattered altar of Ashenzari.
  3820 | D:6      | Reached skill level 7 in Axes
  3820 | D:6      | Reached XP level 8. HP: 19/72 MP: 7/7
  3822 | D:6      | Found a shimmering altar of Xom.
  3911 | D:6      | Reached skill level 5 in Shields
  4468 | D:6      | Found a burning altar of Makhleb.
  4478 | D:6      | Reached skill level 8 in Axes
  4558 | D:6      | Found an iron altar of Okawaru.
  4985 | D:7      | Reached *** piety under Makhleb
  4991 | D:7      | Gained mutation: You passively map the area around you.
                  | [Deep Dwarf growth]
  4991 | D:7      | Reached XP level 9. HP: 45/80 MP: 8/8
  5032 | D:7      | Found a transporter.
  5032 | D:7      | Noticed a yaktaur
  5036 | D:7      | Found a transporter.
  5061 | D:7      | Noticed Harold
  5073 | D:7      | HP: 1/80 [Harold/battleaxe of freezing (7)]
  5074 | D:7      | Slain by Harold

Skill      XL: |  1  2  3  4  5  6  7  8 |
---------------+-------------------------+-----
Fighting       | 3 4 |  4.8
Dodging        | 1 2 3 4 |  4.0
Axes           | 3 4 5 7 8 |  8.8
Armour         | 4 5 6 |  6.2
Shields        | 4 5 |  5.8

Action                   |  1- 3 |  4- 6 |  7- 9 || total
-------------------------+-------+-------+-------++-------
Melee: War axe           |    71 |   141 |   322 ||   534
 Abil: Heal Wounds       |       |     4 |     3 ||     7
  Use: Scroll            |     4 |     6 |     6 ||    16
  Eat: Chunk             |     1 |     5 |     8 ||    14
Armor: Scale mail        |    35 |    84 |    37 ||   156
       Plate armour      |       |       |   124 ||   124
Dodge: Dodged            |    31 |    67 |    85 ||   183
Block: Shield            |    32 |   104 |   154 ||   290
